 Dungeon Crawl Stone Soup version 0.19.5 (webtiles) character file.

4271 snowfan the Arsonist (level 10, -2/56 HPs)
             Began as an Octopode Fire Elementalist on Apr 17, 2017.
             Was a Believer of Vehumet.
             Slain by Urug
             ... wielding a +2 eveningstar of holy wrath
              (28 damage)
             ... on level 11 of the Dungeon.
             The game lasted 00:47:12 (9661 turns).

snowfan the Arsonist (Octopode Fire Elementalist)   Turns: 9661, Time: 00:47:13

Health: -2/56      AC:  1    Str: 12    XL:     10   Next: 31%
Magic:  10/20      EV: 13    Int: 20    God:    Vehumet [**....]
Gold:   442        SH:  0    Dex: 12    Spells: 7 memorised, 2 levels left

rFire  + . .     SeeInvis .     I - +6 flail (protect)
rCold  + . .     Gourm    .     (no shield)
rNeg   . . .     Faith    +     (helmet restricted)
rPois  .         Spirit   .     s - amulet of faith
rElec  .         Reflect  .     m - ring of protection from cold
rCorr  .         Harm     .     E - +6 ring of slaying
MR     .....                    c - +3 ring of strength
Stlth  +++.......               (no ring)
                                (no ring)
                                (no ring)
                                (no ring)
                                (no ring)

@: very slightly contaminated
A: almost no armour, stealthy swim, amphibious, 8 rings, constrict 8, beak,
tentacle spike 2, camouflage 1, fire resistance 1, gelatinous body 1
a: Renounce Religion


You were on level 11 of the Dungeon.
You worshipped Vehumet.
Vehumet was pleased with you.
You were not hungry.

You visited 2 branches of the dungeon, and saw 10 of its levels.

You collected 442 gold pieces.

Inventory:

Hand Weapons
 G - a +0 whip of freezing
 I - a +6 flail of protection (weapon)
 K - a +2 dagger of protection
 L - a +0 short sword of holy wrath
Jewellery
 c - a +3 ring of strength (on tentacle)
 m - a ring of protection from cold (left tentacle)
 s - an amulet of faith (around mantle)
 C - a +3 amulet of reflection {unknown}
 E - a +6 ring of slaying (right tentacle)
Wands
 B - a wand of paralysis (16/24)
Scrolls
 g - a scroll of amnesia {unknown}
 h - a scroll of fog {unknown}
 i - 2 scrolls of fear {unknown}
 j - 2 scrolls of noise {unknown}
 n - 7 scrolls of remove curse {unknown}
 q - a scroll of teleportation {unknown}
 r - a scroll of magic mapping {unknown}
 t - 4 scrolls of identify {unknown}
 x - 2 scrolls of enchant armour {unknown}
 y - 3 scrolls of random uselessness {unknown}
 F - a scroll of recharging {unknown}
Potions
 e - a potion of cure mutation {unknown}
 f - a potion of might {unknown}
 l - 2 potions of heal wounds
 o - a potion of haste {unknown}
 p - a potion of brilliance {unknown}
 u - a potion of degeneration {unknown}
 w - a potion of mutation {unknown}
 z - a potion of flight {unknown}
 A - 2 potions of cancellation {unknown}
 J - a potion of curing {unknown}
Books
 a - a book of Flames

   Spells                             Type                      Level
   a - Flame Tongue                   Conjuration/Fire             1
   b - Throw Flame                    Conjuration/Fire             2
   c - Conjure Flame                  Conjuration/Fire             3
   d - Inner Flame                    Hexes/Fire                   3
   e - Sticky Flame                   Conjuration/Fire             4
   f - Fireball                       Conjuration/Fire             5
 M - a book of Maledictions

   Spells                             Type                      Level
   a - Corona                         Hexes                        1
   b - Ensorcelled Hibernation        Hexes/Ice                    2
   c - Confuse                        Hexes                        3
   d - Tukima's Dance                 Hexes                        3
   e - Dazzling Spray                 Conjuration/Hexes            3
Comestibles
 b - 8 bread rations
 d - 9 beef jerkies
 k - 4 meat rations
 D - a royal jelly
 H - 2 fruits


   Skills:
 - Level 2.0 Dodging
 - Level 2.6 Stealth
 + Level 7.1 Spellcasting
 - Level 6.7 Conjurations
 - Level 11.0 Fire Magic


You had 2 spell levels left.
You knew the following spells:

 Your Spells              Type           Power        Failure   Level  Hunger
a - Flame Tongue          Conj/Fire      #####        1%          1    None
c - Conjure Flame         Conj/Fire      #####...     1%          3    #......
d - Dazzling Spray        Conj/Hex       ###...       10%         3    #......
f - Fireball              Conj/Fire      #####.....   10%         5    #####..
i - Inner Flame           Hex/Fire       ####....     3%          3    #......
s - Throw Flame           Conj/Fire      #####.       1%          2    None
x - Sticky Flame          Conj/Fire      #####...     2%          4    ###....


Dungeon Overview and Level Annotations

Branches:
Dungeon (8/15)             Temple (1/1) D:4            Lair (0/6) D:8

Altars:
Ashenzari
Cheibriados
Dithmenos
Elyvilon
Fedhas
Gozag
Hepliaklqana
Kikubaaqudgha
Makhleb
Nemelex Xobeh
Okawaru
Qazlal
Ru
Sif Muna
Trog
Uskayaw
Vehumet
Xom
Yredelemnul
Zin
The Shining One

Shops:
D:8 [

Annotations:
D:11 Urug


Innate Abilities, Weirdness & Mutations

You cannot wear most types of armour.
You are very stealthy in the water. (Stealth+)
You are amphibious.
You can wear up to eight rings at the same time.
You can use your tentacles to constrict eight enemies at once.
Your skin changes colour to match your surroundings (Stealth+).
Your rubbery body absorbs attacks. (AC +1, EV +1)
You have a beak for a mouth.
One of your tentacles bears a nasty spike.
Your flesh is heat resistant. (rF+)


Message History

Casting: Flame Tongue
Confirm with . or Enter, or press ? or * to list all spells.
Aiming: Dazzling Spray
Press: ? - help, Shift-Dir - straight line, f/p - Urug
Aim: Urug, wielding an eveningstar of holy wrath and wearing a chain mail (moderately wounded, constricted by you, covered in liquid flames)
The spray of energy hits Urug.
Urug is moderately wounded.
You constrict Urug, but do no damage.
Urug burns!
Urug stops burning.
Urug hits you but does no damage.
Casting: Dazzling Spray
Confirm with . or Enter, or press ? or * to list all spells.
Aiming: Dazzling Spray
Press: ? - help, Shift-Dir - straight line, f/p - Urug
Aim: Urug, wielding an eveningstar of holy wrath and wearing a chain mail (heavily wounded, constricted by you)
You miscast Dazzling Spray.
You are very lightly contaminated with residual magic.
Your tentacles glow momentarily.
You constrict Urug.
Urug hits you with an eveningstar of holy wrath!!
Ouch! That really hurt!
You die...

### .. O# ###+##
$######## #.o..#####
........# #.......%.
........#####.........
........@o.##.........
........##..'.........
?+###########........>
#..?...... ######+###


You could see Urug.

Vanquished Creatures
  Pikel (D:6)
  The ghost of Frank the Shield-Bearer, a novice GrFi of the Shining One (D:5)
  Psyche (D:8)
  A hippogriff (D:7)
  A hungry ghost (D:7)
  Edmund (D:6)
  A water moccasin (D:7)
  A hell hound (D:8)
  An ice beast (D:7)
  2 orc warriors
  2 black bears
  2 sky beasts
  2 slaves (D:6)
  5 ogres
  A phantom (D:6)
  A crocodile (D:7)
  4 centaurs
  A big kobold (D:7)
  Blork the orc (D:4)
  A bullfrog (D:6)
  A scorpion (D:6)
  A crimson imp (D:5)
  A hound (D:8)
  An orc priest (D:6)
  A quasit (D:8)
  2 bullfrog skeletons
  A centaur skeleton (D:6)
  A jelly (D:7)
  3 orc wizards
  2 iguanas
  6 worker ants
  Robin (D:2)
  2 gnolls (D:6)
  11 adders
  A shadow imp (D:5)
  An ooze (D:1)
  An adder skeleton (D:4)
  2 worms
  3 dart slugs
  4 leopard geckos
  14 orcs
  2 ball pythons
  3 giant cockroaches
  9 goblins
  11 hobgoblins
  6 jackals
  4 quokkas
  8 bats
  5 frilled lizards
  A jackal skeleton (D:4)
  16 kobolds
  4 rats
160 creatures vanquished.

Vanquished Creatures (others)
  A slave (D:6)
  A gnoll (D:6)
2 creatures vanquished.

Grand Total: 162 creatures vanquished

Notes
Turn   | Place    | Note
-------+----------+-------------------------------------------
     0 | D:1      | snowfan the Octopode Fire Elementalist began the quest for the Orb.
     0 | D:1      | Reached XP level 1. HP: 11/11 MP: 3/3
   358 | D:1      | Reached XP level 2. HP: 17/17 MP: 3/5
   772 | D:1      | Reached skill level 4 in Fire Magic
   772 | D:1      | Reached XP level 3. HP: 15/21 MP: 2/6
   917 | D:2      | Learned a level 2 spell: Throw Flame
  1497 | D:2      | Reached XP level 4. HP: 20/27 MP: 0/7
  1918 | D:2      | Reached skill level 5 in Fire Magic
  1967 | D:2      | Noticed Robin
  2017 | D:2      | Killed Robin
  2800 | D:3      | Reached XP level 5. HP: 31/31 MP: 6/8
  2822 | D:3      | Learned a level 3 spell: Conjure Flame
  3632 | D:4      | Noticed Blork the orc
  3640 | D:4      | Killed Blork the orc
  3931 | D:4      | Reached XP level 6. HP: 36/36 MP: 2/12
  4335 | D:4      | Reached skill level 5 in Spellcasting
  4491 | D:4      | Reached XP level 7. HP: 25/41 MP: 5/14
  4578 | D:4      | Found a burning altar of Makhleb.
  4580 | D:4      | Noticed a balrug
  4600 | D:4      | Found a staircase to the Ecumenical Temple.
  4614 | Temple   | Entered the Ecumenical Temple
  4717 | Temple   | Became a worshipper of Vehumet
  4765 | D:4      | Learned a level 3 spell: Inner Flame
  4895 | D:5      | Entered Level 5 of the Dungeon
  5093 | D:5      | Reached skill level 6 in Fire Magic
  5235 | D:5      | Noticed Frank's ghost (novice GrFi)
  5285 | D:5      | Killed Frank's ghost
  5285 | D:5      | Reached skill level 7 in Fire Magic
  5285 | D:5      | Reached XP level 8. HP: 19/46 MP: 0/15
  5398 | D:5      | Learned a level 4 spell: Sticky Flame
  6055 | D:6      | Reached skill level 8 in Fire Magic
  6234 | D:6      | Noticed Pikel
  6255 | D:6      | Noticed Edmund
  6277 | D:6      | Killed Edmund
  6405 | D:6      | Reached * piety under Vehumet
  6405 | D:6      | Offered knowledge of Shock by Vehumet.
  6706 | D:6      | Killed Pikel
  6706 | D:6      | Reached skill level 5 in Conjurations
  6706 | D:6      | Reached skill level 9 in Fire Magic
  6706 | D:6      | Reached XP level 9. HP: 51/51 MP: 0/16
  6934 | D:6      | Gained mutation: One of your tentacles bears a spike. [mutagenic meat]
  6935 | D:6      | Gained mutation: One of your tentacles bears a nasty spike. [mutagenic meat]
  6936 | D:6      | Gained mutation: Your flesh is heat resistant. (rF+) [mutagenic meat]
  6937 | D:6      | Gained mutation: You have a beak for a mouth. [mutagenic meat]
  7167 | D:6      | Learned a level 5 spell: Fireball
  7370 | D:7      | Reached skill level 10 in Fire Magic
  8256 | D:7      | Reached skill level 11 in Fire Magic
  8256 | D:7      | Reached XP level 10. HP: 56/56 MP: 11/17
  8861 | D:8      | Found Viuxtina's Armour Boutique.
  8861 | D:8      | Noticed Psyche
  8945 | D:8      | Killed Psyche
  9001 | D:8      | Reached ** piety under Vehumet
  9041 | D:8      | Found a staircase to the Lair.
  9166 | D:8      | Offered knowledge of Throw Frost by Vehumet.
  9577 | D:8      | Learned a level 3 spell: Dazzling Spray
  9636 | D:8      | You fall through a shaft for 3 floors!
  9636 | D:11     | Noticed Urug
  9661 | D:11     | Slain by Urug

Skill      XL: |  1  2  3  4  5  6  7  8  9 10 |
---------------+-------------------------------+-----
Fire Magic     | 4 5 7 9 11 | 11.0
Spellcasting   | 4 5 7 |  7.1
Conjurations   | 3 5 6 |  6.7
Dodging        | |  2.0
Stealth        | |  2.6

Action                   |  1- 3 |  4- 6 |  7- 9 | 10-12 || total
-------------------------+-------+-------+-------+-------++-------
Melee: Dagger            |    31 |    18 |    10 |       ||    59
       Constrict         |     5 |     6 |     4 |     5 ||    20
       Tentacles         |       |     6 |     6 |     1 ||    13
       Flail             |       |       |     9 |    11 ||    20
       Peck              |       |       |     1 |     3 ||     4
       Kick              |       |       |       |     7 ||     7
 Cast: Flame Tongue      |    22 |    80 |   144 |    40 ||   286
       Throw Flame       |    12 |    33 |    46 |     9 ||   100
       Conjure Flame     |       |     1 |    15 |       ||    16
       Inner Flame       |       |       |     3 |       ||     3
       Sticky Flame      |       |       |     2 |     6 ||     8
       Dazzling Spray    |       |       |       |     2 ||     2
  Use: Potion            |       |       |       |     2 ||     2
 Stab: Sleeping          |     8 |     2 |     2 |       ||    12
  Eat: Chunk             |     3 |    11 |    16 |     4 ||    34
       Pizza             |       |       |       |     1 ||     1
Armor: Skin              |       |     3 |     2 |     5 ||    10
Dodge: Dodged            |    26 |    29 |    27 |    33 ||   115
